 Dungeon Crawl Stone Soup version 0.28.0-43-g3370ac3207 (webtiles) character file.

Game seed: 15506430161739169978

37 JuniperTheExplorer the Digger (level 3, -4/19 HPs)
             Began as a Gargoyle Earth Elementalist on Mar 23, 2022.
             Killed from afar by Sigmund (10 damage)
             ... with a puff of flame
             ... on level 2 of the Dungeon.
             The game lasted 00:13:09 (1477 turns).

JuniperTheExplorer the Digger (GrEE)                Turns: 1477, Time: 00:13:10

Health: -4/19      AC:  5    Str: 11    XL:     3   Next: 41%
Magic:  1/6        EV: 12    Int: 15    God:
Gold:   38         SH:  0    Dex: 12    Spells: 2/6 levels left

rFire   . . .      SeeInvis .   h - staff of earth
rCold   . . .      Faith    .   (no shield)
rNeg    + . .      Spirit   .   b - +0 robe
rPois   ∞          Reflect  .   (no helmet)
rElec   +          Harm     .   (no cloak)
rCorr   .          Rampage  .   (no gloves)
Will    .....                   (no boots)
Stlth   ++........              (no amulet)
HPRegen 0.06/turn               (no ring)
MPRegen 0.10/turn               (no ring)

@: flying, very slightly contaminated
A: sickness immunity, AC +3, negative energy resistance 1, electricity
resistance, torment resistance 1, petrification resistance
a: no special abilities


You were on level 2 of the Dungeon.
You visited 1 branch of the dungeon, and saw 2 of its levels.

You collected 876 gold pieces.
You spent 838 gold pieces at shops.

Inventory:

Hand Weapons
 d - a +0 mace
Missiles
 c - 55 stones
Armour
 b - a +0 robe (worn)
Magical Staves
 h - a staff of earth (weapon)
Scrolls
 e - 2 scrolls of teleportation {unknown}
 g - a scroll of identify {unknown}
Miscellaneous
 f - a tin of tremorstones (1/2)


   Skills:
 * Level 0.2 Fighting
 + Level 0.1(0.4) Maces & Flails
 + Level 0.8 Staves
 + Level 0.0 Armour
 * Level 1.8 Dodging
 + Level 2.1 Stealth
 + Level 0.1 Shields
 + Level 0.0 Unarmed Combat
 * Level 2.2 Spellcasting
 + Level 0.1 Conjurations
 + Level 0.0 Hexes
 + Level 0.1 Summonings
 + Level 0.1 Translocations
 * Level 0.8 Transmutations
 * Level 0.9 Fire Magic
 + Level 0.2 Ice Magic
 + Level 0.4 Air Magic
 * Level 3.6 Earth Magic
 * Level 0.8 Poison Magic


You had 2 spell levels left.
You knew the following spells:

 Your Spells              Type           Power      Damage    Failure   Level
a - Sandblast             Erth           36%        2d10      4%          1
b - Apportation           Tloc           4%         N/A       21%         1
c - Passwall              Tmut/Erth      10%        N/A       13%         2

Your spell library contained the following spells:

 Spells                   Type           Power      Damage    Failure   Level
 Stone Arrow              Conj/Erth      20%        3d8       30%         3
 Petrify                  Tmut/Erth      12%        N/A       65%         4
 Lee's Rapid Deconstruct  Erth           9%         3d8*      80%         5
 Iskenderun's Mystic Bla  Conj/Tloc      2%         2d3       90%         4
 Fulminant Prism          Conj/Hex       0%         3d6       91%         4
 Alistair's Intoxication  Tmut/Pois      2%         N/A       99%         5


Dungeon Overview and Level Annotations

Branches:
Dungeon (2/15)

Altars:

Shops:
D:1 *

Annotations:
D:2 Sigmund


Innate Abilities, Weirdness & Mutations

You are immune to sickness and miasma.
Your stone body is resilient. (AC +3)
You are immune to poison.
You resist negative energy. (rN+)
You are resistant to electric shocks. (rElec)
You are resistant to unholy torment.
You are immune to petrification.


Message History

Ouch! That really hurt!
* * * LOW HITPOINT WARNING * * *
Sigmund mumbles some strange words.
Sigmund flickers and vanishes!
Deactivating autopickup; reactivate with Ctrl-A.
It was a potion of flight.
You feel very buoyant.
You fly up into the air.
You see here a book of Blood.
Found a scroll labelled IKLIYD MOVEGIAT.
You see here a scroll labelled IKLIYD MOVEGIAT.
A puff of flame appears from out of thin air!
The puff of flame misses you.
Sigmund appears from thin air!
Reactivating autopickup.
Aiming: Sandblast (safe; 4% risk of failure)
Press: ? - help, Q - select action, (/) - cycle Shift-Dir - straight line, f - you
Okay, then.
Aiming: Passwall (safe; 13% risk of failure)
Press: ? - help, Q - select action, (/) - cycle Dir - move target A rock wall.
You feel a surge of power!
This rock feels extremely deep.
Aiming: Passwall (safe; 13% risk of failure)
Press: ? - help, Q - select action, (/) - cycle Dir - move target A rock wall.
You feel a surge of power!
This rock feels extremely deep.
Found an escape hatch in the floor.
Sigmund gestures at you while chanting. You resist with significant effort.
Aiming: Passwall (safe; 13% risk of failure)
Press: ? - help, Q - select action, (/) - cycle Dir - move target A rock wall.
You feel a surge of power!
You miscast Passwall.
You are very lightly contaminated with residual magic.
Nothing appears to happen.
You don't have enough magic to cast this spell.
Sigmund casts a spell at you. The puff of flame hits you!
Ouch! That really hurt!
You die...

#.#
###########
#.#
:...{.....#
#.#
#########.#
#.# #...#
#.# #.###
#.# #.# #.#
#.# #@# #{#
#.# #.# #.#
#?# #.# #.#
#@#
#.########.#
#......@...#
############


You could see Sigmund.

Vanquished Creatures
  A dart slug (D:2)
  4 endoplasms (D:1)
  3 giant cockroaches (D:1)
  3 goblins
  3 hobgoblins (D:1)
  4 jackals (D:1)
  2 kobolds (D:1)
  A quokka (D:1)
  3 ball pythons
  A bat (D:1)
  A frilled lizard (D:1)
  6 rats (D:1)
32 creatures vanquished.

Notes
Turn   | Place    | Note
-------+----------+-------------------------------------------
     0 | D:1      | JuniperTheExplorer the Gargoyle Earth Elementalist began
                  | the quest for the Orb.
     0 | D:1      | Reached XP level 1. HP: 10/10 MP: 3/3
   132 | D:1      | Reached XP level 2. HP: 15/15 MP: 0/5
   908 | D:1      | Reached XP level 3. HP: 15/19 MP: 6/6
   923 | D:1      | Found Paeteq's General Store.
  1138 | D:1      | Found a faded altar of an unknown god.
  1161 | D:1      | Identified 2 scrolls of acquirement
  1161 | D:1      | Acquired a staff of earth
  1164 | D:1      | Acquired 827 gold pieces
  1199 | D:1      | Bought a book of Party Tricks for 224 gold pieces
  1199 | D:1      | Bought 21 stones for 29 gold pieces
  1199 | D:1      | Bought 18 stones for 25 gold pieces
  1199 | D:1      | Bought a tin of tremorstones (2/2) for 560 gold pieces
  1202 | D:1      | Learned a level 1 spell: Apportation
  1205 | D:1      | Learned a level 2 spell: Passwall
  1434 | D:2      | Noticed Sigmund
  1477 | D:2      | Killed from afar by Sigmund

Illustrated notes

Levels and vault maps discovered:
D:1:      dpeg_arrival_court, layout_basic, serial_shops, nicolae_shop_crystal,
          dreamdust_ecumenical_altar_angels_and_demons
D:2:      layout_basic, uniq_sigmund, uniq_robin

Action                   || total
-------------------------++-------
Melee: Unarmed           ||    19
       Mace              ||    24
       Punch             ||     2
       Staff             ||     8
 Cast: Sandblast         ||    18
       Passwall          ||     2
       Apportation       ||     1
Evoke: Tin of tremorston ||     1
  Use: Scroll            ||     2
       Potion            ||     1
Armor: Robe              ||    19
Dodge: Dodged            ||    36
